 Dungeon Crawl Stone Soup version 0.27.1-34-g3ba077fa99 (webtiles) character file.

Game seed: 6206980914316960523

791 zeram the Shield-Bearer (level 7, -8/44 HPs)
             Began as a Gargoyle Fighter on Jan 9, 2022.
             Was an Initiate of Qazlal.
             Mangled by a hornet (11 damage)
             ... on level 5 of the Dungeon.
             The game lasted 00:05:11 (4862 turns).

zeram the Shield-Bearer (Gargoyle Fighter)          Turns: 4862, Time: 00:05:12

Health: -8/44      AC: 12    Str: 21    XL:     7   Next: 88%
Magic:  7/7        EV:  8    Int:  9    God:    Qazlal [......]
Gold:   224        SH: 10    Dex: 12    Spells: 6/6 levels left

rFire    . . .     SeeInvis .   f - +1 whip (freeze)
rCold    . . .     Faith    .   c - +0 kite shield
rNeg     + + .     Spirit   .   b - +0 scale mail
rPois    ∞         Reflect  .   (no helmet)
rElec    +         Harm     .   (no cloak)
rCorr    .         Rampage  .   (no gloves)
Will     .....                  (no boots)
Stlth    ..........             (no amulet)
HPRegen  0.14/turn              g - ring of positive energy
MPRegen  0.10/turn              n - ring "Qozxok" {rPois Dex+3}

@: no status effects
A: sickness immunity, AC +4, negative energy resistance 1, electricity
resistance, torment resistance 1, petrification resistance
a: Renounce Religion


You were on level 5 of the Dungeon.
You worshipped Qazlal.
Qazlal was noncommittal.
You visited 1 branch of the dungeon, and saw 5 of its levels.

You collected 224 gold pieces.

Inventory:

Hand Weapons
 a - a +0 flail
 e - a +1 dagger of venom
 f - a +1 whip of freezing (weapon)
 j - a +2 dagger of venom
 k - a +2 dagger of draining
Armour
 b - a +0 scale mail (worn)
 c - a +0 kite shield (worn)
Jewellery
 g - a ring of positive energy (left hand)
 n - the ring "Qozxok" (right hand) {rPois Dex+3}
   (You found it on level 4 of the Dungeon)

   [ring of poison resistance]

   Dex:       It affects your dexterity (+3).
   rPois:     It protects you from poison.
Scrolls
 p - a scroll of amnesia {unknown}
Potions
 d - a potion of might
 h - 5 potions of curing {unknown}
 i - a potion of haste
 l - 2 potions of degeneration {unknown}
 m - a potion of magic {unknown}
 o - 2 potions of resistance {unknown}
 q - a potion of heal wounds {unknown}


   Skills:
 + Level 4.5 Fighting
 + Level 4.4 Maces & Flails
 + Level 5.6 Armour
 + Level 2.1 Dodging
 + Level 5.9 Shields


You had 6 spell levels left.
You didn't know any spells.
Your spell library contained the following spells:

 Spells                   Type           Power      Damage    Failure   Level
 Pain                     Necr           0%         1d4       98%         1


Dungeon Overview and Level Annotations

Branches:
Dungeon (5/15)             Temple (0/1) D:5

Altars:
Kikubaaqudgha
Qazlal
Sif Muna
Vehumet
Xom


Innate Abilities, Weirdness & Mutations

You are immune to sickness and miasma.
Your stone body is resilient. (AC +4)
You are immune to poison.
You resist negative energy. (rN+)
You are resistant to electric shocks. (rElec)
You are resistant to unholy torment.
You are immune to petrification.


Message History

There is a staircase to the Ecumenical Temple here.
p - a scroll labelled IPPEOV GOROOR You enter the shallow water.
Moving in this stuff is going to be slow.
q - a ruby potion
Found 23 stones.
h - 5 puce potions (gained 1)
Found 2 scrolls of identify.
Found a quarterstaff.
Found 11 bolts.
An iguana comes into view.
The iguana hisses angrily.
An iguana is nearby!
An iguana is nearby!
An iguana is nearby!
A hound comes into view.
The hound barks!
A hornet comes into view.
The hound moves out of view.
Found a ring mail and 16 gold pieces.
The hornet stings you. The hound bites you but does no damage.
You hit the hornet. You freeze the hornet.
The hornet is lightly wounded.
The hornet stings you! The hound bites you. You block the hornet's attack.
You closely miss the hornet.
The hornet is lightly wounded.
You block the hound's attack. The hornet stings you.
The hound barely misses you.
Unknown command.
The hornet stings you but does no damage.
Okay, then.
The hornet stings you but does no damage.
The hound bites you. The hornet stings you!
* * * LOW HITPOINT WARNING * * *
You block the hound's attack. You block the hornet's attack.
The hound bites you.
* * * LOW HITPOINT WARNING * * *
There is a stone staircase leading up here.
The hornet stings you!
You die...

.# ........ #.....##...## ...
..# ......# ##........... .. .
...##.....# #...#......... ...
.......##.####...###...###.. ...
..P....#...##..#..###.## ......
...#...#.......#..#...#### .....
###..........(.##......#.#......
.............###..............#
...............#@hl...#.#.......
#................y......#.....[.
##..........##..........##....#.
............##..........# ##$##
...#..............##...?# .#
#.##..............##....# #
####.......##....###......
#....##.###..... .)...##
###..|##.... .... ..(....


You could see a hornet, an iguana and a hound.

Vanquished Creatures
  A black bear (D:5)
  A necrophage (D:4)
  A water moccasin zombie (D:5)
  3 scorpions
  A water moccasin skeleton (D:3)
  A bullfrog zombie (D:5)
  A hound (D:4)
  2 centaur skeletons
  A bullfrog skeleton (D:5)
  A scorpion zombie (D:5)
  2 hound skeletons (D:5)
  A howler monkey skeleton (D:5)
  2 adders
  A white imp (D:4)
  2 ufetubi (D:5)
  A worm (D:2)
  4 dart slugs
  3 orcs
  6 ball pythons
  4 bats
  An endoplasm (D:4)
  3 giant cockroaches
  9 goblins
  8 hobgoblins
  6 kobolds
  6 quokkas
  2 frilled lizards (D:3)
  6 rats
80 creatures vanquished.

Vanquished Creatures (others)
  A fungus (D:3)
1 creature vanquished.

Grand Total: 81 creatures vanquished

Notes
Turn   | Place    | Note
-------+----------+-------------------------------------------
     0 | D:1      | zeram the Gargoyle Fighter began the quest for the Orb.
     0 | D:1      | Reached XP level 1. HP: 14/14 MP: 1/1
    83 | D:1      | Reached XP level 2. HP: 19/19 MP: 2/2
   766 | D:1      | Reached XP level 3. HP: 24/24 MP: 3/3
  2064 | D:3      | Found a radiant altar of Vehumet.
  2073 | D:3      | Found an ancient bone altar of Kikubaaqudgha.
  2074 | D:3      | Found a shimmering blue altar of Sif Muna.
  2080 | D:3      | Got Kikubaaqudgha's Handbook of Necromancy
  2131 | D:3      | Found a faded altar of an unknown god.
  2146 | D:3      | Reached XP level 4. HP: 10/29 MP: 4/4
  2881 | D:3      | Reached XP level 5. HP: 33/33 MP: 5/5
  3062 | D:4      | Found a stormy altar of Qazlal.
  3106 | D:4      | Became a worshipper of Qazlal Stormbringer
  3235 | D:4      | Identified the ring "Qozxok" {rPois Dex+3}
  3314 | D:4      | Reached skill level 1 in Dodging
  3323 | D:4      | Reached XP level 6. HP: 34/38 MP: 6/6
  3819 | D:4      | Noticed a necrophage
  3843 | D:4      | Killed a necrophage
  4050 | D:5      | Entered Level 5 of the Dungeon
  4065 | D:4      | Reached skill level 5 in Armour
  4087 | D:4      | Reached skill level 5 in Shields
  4244 | D:5      | Reached XP level 7. HP: 42/43 MP: 7/7
  4315 | D:5      | Found a shimmering altar of Xom.
  4764 | D:5      | Found a staircase to the Ecumenical Temple.
  4849 | D:5      | Noticed a hornet
  4861 | D:5      | HP: 2/44 [hound (1)]
  4862 | D:5      | Mangled by a hornet

Illustrated notes

Levels and vault maps discovered:
D:1:      saegor_arrival_miasma, layout_basic, st_stairs_13
D:2:      layout_basic, serial_bayou_lagoon_a, chequers_serial_rivers_marsh
D:3:      layout_basic, grunt_temple_overflow_magic_moments,
          shapermc_ecumenical_altar_gd
D:4:      minmay_spotlight, layout_basic, mainiacjoe_overflow_catwalk
D:5:      layout_cave_pools, mainiacjoe_overflow_alcove_2,
          nicolae_dithmenos_the_darkroom, mainiacjoe_overflow_brackets,
          temple_statues, serial_undead, serial_undead_e, serial_undead_a,
          serial_undead_f, serial_undead_e, minmay_statues_item

Skill      XL: |  1  2  3  4  5  6  7 |
---------------+----------------------+-----
Armour         | 4 5 |  5.6
Fighting       | 4 |  4.5
Shields        | 4 5 |  5.9
Maces & Flails | 3 4 |  4.4
Dodging        | 1 2 |  2.1

Action                   |  1- 3 |  4- 6 |  7- 9 || total
-------------------------+-------+-------+-------++-------
Melee: Flail             |    28 |       |       ||    28
       Whip              |    90 |   173 |    86 ||   349
       Dagger            |     9 |       |       ||     9
  Use: Scroll            |     1 |     3 |       ||     4
       Potion            |       |     1 |     1 ||     2
Armor: Scale mail        |    68 |   100 |    76 ||   244
Dodge: Dodged            |    41 |    51 |    69 ||   161
Block: Kite shield       |    50 |    99 |    81 ||   230
